 Dungeon Crawl Stone Soup version 0.25-a0-1024-gbfbf38f2cb (webtiles) character file.

Game seed: 11456691372125538770, levelgen mode: classic

739 Amnesiac the Cutter (level 7, 0/41 HPs)
             Began as a Deep Elf Fighter on May 12, 2020.
             Slain by a gnoll
             ... wielding a +0 spear
              (3 damage)
             ... on level 5 of the Dungeon.
             The game lasted 00:09:21 (5123 turns).

Amnesiac the Cutter (Deep Elf Fighter)              Turns: 5123, Time: 00:09:22

Health: 0/41       AC:  5    Str: 13 (15) XL:     7   Next: 46%
Magic:  18/18      EV:  8    Int: 13      God:
Gold:   166        SH:  8    Dex: 16      Spells: 6/6 levels left

rFire    . . .     SeeInvis .   a - +2 dagger (drain)
rCold    . . .     Gourm    .   c - +0 kite shield
rNeg     . . .     Faith    .   p - +0 ring mail
rPois    .         Spirit   .   (no helmet)
rElec    .         Reflect  .   (no cloak)
rCorr    .         Harm     .   (no gloves)
MR       .....                  (no boots)
Stlth    +.........             (no amulet)
HPRegen  0.13/turn              w - ring of magical power
MPRegen  0.16/turn              (no ring)

@: drained
A: hooves 1, agile 1, deterioration 2
a: no special abilities


You were on level 5 of the Dungeon.
You were hungry.

You visited 1 branch of the dungeon, and saw 5 of its levels.

You collected 166 gold pieces.

Inventory:

Hand Weapons
 a - a +2 dagger of draining (weapon)
 d - a +4 short sword
 u - a +0 rapier
 A - a +1 long sword of pain
Missiles
 g - 142 stones (quivered)
Armour
 b - a +0 helmet
 c - a +0 kite shield (worn)
 p - a +0 ring mail (worn)
Jewellery
 w - a ring of magical power (left hand)
Scrolls
 i - 2 scrolls of immolation {!r, unknown}
 j - a scroll of random uselessness {!r, unknown}
 k - 2 scrolls of magic mapping {!r, unknown}
 m - 4 scrolls of remove curse {!r, unknown}
 n - a scroll of enchant weapon {!r, unknown}
 o - a scroll of fog {!r, unknown}
 q - 3 scrolls of identify {!r}
 r - 4 scrolls of teleportation {!r, unknown}
 v - a scroll of blinking {!r}
 y - a scroll of amnesia {!r, unknown}
Potions
 l - 2 potions of stabbing {!q}
 x - a potion of haste {!q}
Comestibles
 f - 15 rations


   Skills:
 - Level 3.1(2.6) Fighting
 * Level 7.8(7.2) Short Blades
 - Level 2.4(1.8) Armour
 - Level 2.4(1.8) Dodging
 - Level 2.4(1.8) Shields


You had 6 spell levels left.
You didn't know any spells.
Your spell library was empty.

Dungeon Overview and Level Annotations

Branches:
Dungeon (5/15)
 Temple: D:4-7

Altars:
Hepliaklqana
Wu Jian


Innate Abilities, Weirdness & Mutations

You have large cloven feet.
You are agile. (Dex +2)
Your body often deteriorates upon taking damage.


Message History

There is an open door here.
Found 8 gold pieces.
Dowan hits you with a +2 dagger of draining.
You feel drained.
There is an open door here.
You hit Dowan. You kick Dowan.
Dowan is moderately wounded.
Dowan points at you and mumbles some strange words.
The puff of flame hits you.
You hit Dowan. You kick Dowan.
Dowan is severely wounded.
You closely miss Dowan.
Dowan is severely wounded.
Dowan gestures wildly while chanting.
Dowan blinks!
Dowan casts a spell at you. The puff of frost hits you!
Your body deteriorates!
You feel weakened.
You hit Dowan. You kick Dowan.
Dowan is almost dead.
Dowan hits you with a +2 dagger of draining.
You feel drained.
You barely miss Dowan.
Dowan is almost dead.
Dowan hits you with a +2 dagger of draining.
You feel drained.
You barely miss Dowan.
Dowan is almost dead.
The gnoll hits you from afar with a +0 spear.
* * * LOW HITPOINT WARNING * * *
You block Dowan's attack.
Unknown command.
You puncture Dowan!
You kill Dowan!
You hear a distant scream of rage.
The gnoll hits you but does no damage.
Unknown command.
Things that are here:
a +2 dagger of draining; a +0 robe; the elf corpse of Dowan
d - a +2 dagger of draining The gnoll hits you but does no damage.
Adjust (i)tems, (s)pells, or (a)bilities?
Adjust which item? (? for menu, Esc to quit)
d - a +2 dagger of draining Adjust to which letter? (? for menu, Esc to quit)
a - a +2 dagger of draining;
d - a +4 short sword (weapon)
You sense an unholy aura.
a - a +2 dagger of draining (weapon)
The gnoll hits you with a +0 spear!
* * * LOW HITPOINT WARNING * * *
You hit the gnoll.
The gnoll is lightly wounded.
The gnoll hits you with a +0 spear!
* * * LOW HITPOINT WARNING * * *
Your body deteriorates!
You feel weakened.
Your shield prevents you from hitting the gnoll.
The gnoll is lightly wounded.
The gnoll hits you but does no damage.
You hit the gnoll but do no damage.
The gnoll is lightly wounded.
You are feeling hungry.
You closely miss the gnoll.
The gnoll is lightly wounded.
The gnoll hits you with a +0 spear.
You die...

#.# #.# #.# #.#
#.# # #.# #$ #.#
#. #.# #.######
#@# #......# #g#
####......######.#
.........[.......#
#######'##########
...g...........
#######..######
#..#..# #..#..#


You could see a gnoll.

Vanquished Creatures
  Sigmund (D:3)
  A centaur (D:3)
  Dowan (D:5)
  A crimson imp (D:3)
  A bullfrog zombie (D:5)
  2 orc priests (D:4)
  An orc wizard (D:4)
  A bullfrog skeleton (D:5)
  2 iguanas (D:5)
  3 worker ants
  5 adders
  3 oozes
  A worm (D:2)
  4 dart slugs
  3 leopard geckos
  7 orcs
  3 ball pythons
  7 bats
  4 giant cockroaches
  7 goblins
  7 hobgoblins
  8 jackals (D:3)
  7 frilled lizards
  4 kobolds
  5 rats
89 creatures vanquished.

Notes
Turn   | Place    | Note
-------+----------+-------------------------------------------
     0 | D:1      | Amnesiac the Deep Elf Fighter began the quest for the Orb.
     0 | D:1      | Reached XP level 1. HP: 13/13 MP: 3/3
   370 | D:1      | Reached XP level 2. HP: 15/18 MP: 4/4
   427 | D:1      | Reached skill level 3 in Short Blades
   527 | D:1      | You fall into a shaft and drop 1 floor!
   938 | D:2      | Reached XP level 3. HP: 22/22 MP: 5/5
  1354 | D:2      | Reached skill level 4 in Short Blades
  1354 | D:2      | Reached skill level 1 in Dodging
  1598 | D:2      | Reached XP level 4. HP: 19/27 MP: 6/6
  1915 | D:2      | Found an ornate altar of the Wu Jian Council.
  2410 | D:3      | Noticed a centaur
  2426 | D:3      | Killed a centaur
  2426 | D:3      | Reached skill level 5 in Short Blades
  2426 | D:3      | Reached XP level 5. HP: 12/31 MP: 7/7
  2960 | D:3      | Found a hazy altar of Hepliaklqana.
  3352 | D:3      | Noticed Sigmund
  3364 | D:3      | Killed Sigmund
  3364 | D:3      | Reached skill level 6 in Short Blades
  3364 | D:3      | Reached XP level 6. HP: 36/36 MP: 8/8
  3682 | D:5      | Entered Level 5 of the Dungeon
  3700 | D:5      | Gained mutation: Your body sometimes deteriorates upon
                  | taking damage. [potion of mutation]
  3700 | D:5      | Gained mutation: Your body often deteriorates upon taking
                  | damage. [potion of mutation]
  3700 | D:5      | Gained mutation: You are agile. (Dex +2) [potion of
                  | mutation]
  3700 | D:5      | Gained mutation: You have large cloven feet. [potion of
                  | mutation]
  4273 | D:4      | Reached XP level 7. HP: 30/41 MP: 9/9
  4410 | D:4      | Reached skill level 7 in Short Blades
  5061 | D:5      | Noticed Dowan
  5105 | D:5      | Killed Dowan
  5123 | D:5      | Slain by a gnoll

Illustrated notes

Levels and vault maps discovered:
D:1:      wander_arrival_estate, layout_basic, minmay_misc_feat_more_columns,
          minmay_tetromino_l2
D:2:      layout_rooms, lemuel_crystal_altar
D:3:      layout_loops_cross, old_standard_altar, dk_vineyard_2,
          small_statue_intersection, uniq_sigmund
D:4:      layout_loops_ring, serial_forest, infiniplex_forest_straight_2,
          infiniplex_forest_pool, infiniplex_forest_lined_room_2,
          infiniplex_forest_clump_large, infiniplex_forest_end_2,
          infiniplex_forest_lined_room_3, infiniplex_forest_end_2, first_ration,
          patterned_corridor
D:5:      layout_basic, overflow_temple_1_default, temple_pool_b, uniq_duvessa,
          uniq_crazy_yiuf_cottage

Skill      XL: |  1  2  3  4  5  6  7 |
---------------+----------------------+-----
Short Blades   | 3 4 5 6 7 |  7.8
Dodging        | 1 2 |  2.4
Fighting       | 3 |  3.1
Armour         | |  2.4
Shields        | |  2.4

Action                   |  1- 3 |  4- 6 |  7- 9 || total
-------------------------+-------+-------+-------++-------
Melee: Rapier            |   112 |    29 |       ||   141
       Short sword       |       |   129 |    50 ||   179
       Kick              |       |    10 |    15 ||    25
       Dagger            |       |       |     4 ||     4
Throw: Stone             |    71 |    42 |    10 ||   123
       Boomerang         |       |       |     1 ||     1
  Use: Potion            |       |     9 |       ||     9
       Scroll            |       |     3 |       ||     3
  Eat: Chunk             |     2 |     9 |     2 ||    13
Armor: Scale mail        |    23 |       |       ||    23
       Ring mail         |    18 |    38 |     7 ||    63
Dodge: Dodged            |    21 |    50 |     8 ||    79
Block: Kite shield       |    52 |    57 |     9 ||   118

Table legend:
 A = Non-vault XP
 B = Vault XP
 C = Vault XP percentage of total XP
 D = Non-vault monster count
 E = Vault monster count
 F = Vault count percentage of total count
                 A         B        C        D         E       F
            +---------+---------+-------+---------+---------+-------
      Total |     764 |     292 |  27.7 |      85 |       4 |   4.5
            +---------+---------+-------+---------+---------+-------
        D:1 |      31 |       3 |   8.8 |      15 |       2 |  11.8
        D:2 |      98 |       0 |   0.0 |      27 |       0 |   0.0
        D:3 |     214 |     220 |  50.7 |      25 |       1 |   3.8
        D:4 |     187 |       0 |   0.0 |       9 |       0 |   0.0
        D:5 |     234 |      69 |  22.8 |       9 |       1 |  10.0
            +---------+---------+-------+---------+---------+-------
